 Dungeon Crawl Stone Soup version 0.32-a0-699-g1ee5eff69a (webtiles) character file.

Game seed: 9818377598113827555

1 croobank the Sneak (level 1, -1/12 HPs)
             Began as a Felid Delver on Mar 13, 2024.
             Slain by a scorpion (5 damage)
             ... on level 4 of the Dungeon.
             The game lasted 00:02:25 (145 turns).

croobank the Sneak (Felid Delver)                    Turns: 145, Time: 00:02:26

Health: -1/12      AC:  1    Str:  8    XL:     1   Next: 16%
Magic:  2/2        EV: 16    Int: 13    God:
Gold:   34         SH:  0    Dex: 17    Spells: 0/0 levels left
                                        Lives:  0   Deaths: 1

rFire   . .          .
                       - Unarmed
rCold   . . .        (shield unavailable)
rNeg    . . .        (body armour unavailable)
rPois   .            (helmet unavailable)
rElec   .            (cloak unavailable)
rCorr   .            (gloves unavailable)
SInv    +            (boots unavailable)
Will    .....        (no amulet)
Stlth   +++          (no ring)
HPRegen 0.22/turn    (no ring)
MPRegen 0.08/turn

%: no passive effects
@: no status effects
A: very small, claws 1, fangs 3, see invisible, shaggy fur 1, stealthy paws, no
weapons or thrown items, no armour, multi-lived
a: no special abilities


You were on level 4 of the Dungeon.
You visited 1 branch of the dungeon, and saw 3 of its levels.
You also visited: Ossuary.

You collected 34 gold pieces.

Inventory:

Wands
 e - a wand of digging (3)


   Skills:
 + Level 3.0 Fighting
 + Level 2.7 Dodging
 * Level 6.6 Stealth
 + Level 2.0 Unarmed Combat


You couldn't memorise any spells.
You didn't know any spells.
Your spell library was empty.

Dungeon Overview and Level Annotations

Branches:
Dungeon (6/15)             Temple (0/1) D:6         Ossuary (visited)

Altars:
Gozag
Wu Jian

Annotations:
D:5 Eustachio


Innate Abilities, Weirdness & Mutations

You have sharp claws.
You have razor-sharp teeth.
You have supernaturally acute eyesight. (SInv)
You are covered in fur. (AC +1)
Your paws help you pounce on unaware monsters.
You are incapable of wielding weapons or throwing items.
You cannot wear armour.
You gain extra lives every three experience levels.


Message History

The bat completely misses you. Eustachio misses you. The scorpion misses you.
Found a stone staircase leading up.
The quokka misses you. The river rat barely misses you.
You closely miss the bat. The bat barely misses you.
The quokka closely misses you. The river rat barely misses you.
The scorpion attacks as it pursues you! The scorpion stings you.
Ouch! That really hurt!
* * * LOW HITPOINT WARNING * * *
You are lethally poisoned!
The scorpion poisons you!
There is a stone staircase leading up here.
You stop ascending the stairs.
You die...
You feel sick.
The orc wizard seems to regain its courage.
The bat misses you. The quokka closely misses you.
The river rat completely misses you. The scorpion stings you.
You rejoin the land of the living...
Found a stone staircase leading up.
There is a stone staircase leading up here.
You climb upwards.
Found a bubbling cyan potion.
Found a stone staircase leading down.
There is a stone staircase leading down here.
Found a stone staircase leading up.
There is a stone staircase leading down here.
A scorpion comes into view.
Found a robe and a scroll labelled ZIAGRAOLO.
A phantom comes into view.
An iguana comes into view.
The scorpion barely misses you.
A goblin comes into view. It is wielding a +0 dagger.
As you read the scroll of fog, it dissolves into smoke.
The scorpion stings you. The scorpion attacks as it pursues you!
The scorpion closely misses you. The scorpion attacks as it pursues you!
The scorpion barely misses you. The scorpion stings you!
Ouch! That really hurt!
The scorpion attacks as it pursues you! The scorpion stings you.
You die...

#..#.......#
#....>.W.###
####..>........
###. #§§....g....
#...##§§.#...#...
#.§§§§§§.#...# ..
#§§§§§§§!....# .
#§§§§§§§.....#
#§@s#§§§........
#..##....^.[....
#..##...........
#.###....?......
#. ..l.......##
#. .... #. ##


You could see a scorpion.

Vanquished Creatures
  A gnoll zombie (Ossuary)
  An orc zombie (Ossuary)
2 creatures vanquished.

Notes
Turn   | Place    | Note
-------+----------+-------------------------------------------
     0 | D:5      | croobank the Felid Delver began the quest for the Orb.
     0 | D:5      | Reached XP level 1. HP: 12/12 MP: 2/2
     3 | D:5      | Found a sand-covered staircase.
    10 | Ossuary  | Entered an ossuary
    34 | Ossuary  | Noticed a water moccasin zombie
    37 | Ossuary  | Noticed a water moccasin zombie
    37 | Ossuary  | Noticed a water moccasin zombie
    66 | D:6      | Found a staircase to the Ecumenical Temple.
    66 | D:6      | Noticed an ogre
    92 | D:5      | Found an ornate altar of the Wu Jian Council.
    95 | D:5      | Noticed a scorpion
   109 | D:5      | Found an opulent altar of Gozag.
   112 | D:5      | Noticed an orc wizard
   116 | D:5      | Noticed Eustachio
   127 | D:5      | Succumbed to a scorpion's poison
   127 | D:5      | Lost a life (0 lives remaining)
   137 | D:4      | Noticed a scorpion
   137 | D:4      | Noticed a phantom
   138 | D:4      | Noticed an iguana
   145 | D:4      | Slain by a scorpion

Illustrated notes

Levels and vault maps discovered:
D:4:      minmay_recursive_quarters, layout_cave_pools,
          minmay_misc_feat_more_columns, uniq_natasha, uniq_menkaure,
          uniq_pikel, uniq_ijyb
D:5:      minmay_octagon_keep, layout_basic, nicolae_wu_jian_wuxing_cycle,
          mainiacjoe_overflow_cross_hatched, nicolae_ossuary_entry_monument,
          minmay_fire_ice_demons, uniq_eustachio
D:6:      layout_rooms, general_overflow_altar, minmay_temple_entry_slanted,
          minmay_unpleasant_kobolds

Action                     || total
---------------------------++-------
  Melee: Unarmed           ||     9
         Punch             ||     1
         Bite              ||     1
    Use: Scroll            ||     3
         Potion            ||     1
   Stab: Sleeping          ||     1
 Armour: Skin              ||     9
  Dodge: Dodged            ||    24

Table legend: (Time is in decaauts)
 A = Elapsed time spent in this place.
 B = Non-inter-level travel time spent in this place.
 C = Inter-level travel time spent in this place.
 D = Time resting spent in this place.
 E = Time spent auto-exploring this place.
 F = Levels seen in this place.
 G = Mean time per level.
                   A        B        C        D        E       F      G
               +--------+--------+--------+--------+--------+-----+--------+
         Total |    141 |    141 |      0 |      9 |      0 |   4 |   35.2 |
       Dungeon |    102 |    102 |      0 |      9 |      0 |   3 |   34.0 |
       Ossuary |     38 |     38 |      0 |      0 |      0 |   1 |   38.0 |
               +--------+--------+--------+--------+--------+-----+--------+

Top non-repeatable levels by time:
     D:5: 61 daAuts
 Ossuary: 38 daAuts
     D:6: 30 daAuts
     D:4: 10 daAuts
